 Dungeon Crawl Stone Soup version 0.23-a0-310-gdcc7a32 (webtiles) character file.

63 Ijustatesigmund the Conjurer (level 4, -3/40 HPs)
             Began as an Octopode Wizard on Oct 12, 2018.
             Hit by a stone thrown by a gnoll (7 damage)
             ... on level 2 of the Dungeon.
             The game lasted 00:03:03 (2014 turns).

Ijustatesigmund the Conjurer (Octopode Wizard)      Turns: 2014, Time: 00:03:04

Health: -3/40      AC:  1    Str: 11    XL:     4   Next: 10%
Magic:  1/8        EV: 13    Int: 20    God:
Gold:   42         SH:  0    Dex: 11    Spells: 3/9 levels left

rFire    . . .     SeeInvis .   h - +4 short sword
rCold    . . .     Gourm    .   (no shield)
rNeg     . . .     Faith    .   a - +0 hat
rPois    .         Spirit   .   d - amulet of the acrobat
rElec    .         Reflect  .   (no ring)
rCorr    .         Harm     .   (no ring)
MR       .....                  (no ring)
Stlth    ..........             (no ring)
HPRegen  0.13/turn              (no ring)
MPRegen  0.11/turn              (no ring)
                                (no ring)
                                (no ring)

@: berserking, very quick
A: almost no armour, stealthy swim, amphibious, 8 rings, constrict 8, camouflage
1, gelatinous body 1
a: no special abilities


You were on level 2 of the Dungeon.
You were not hungry.

You visited 1 branch of the dungeon, and saw 2 of its levels.

You collected 42 gold pieces.

Inventory:

Hand Weapons
 h - a +4 short sword (weapon)
Armour
 a - a +0 hat (worn)
Jewellery
 d - an amulet of the acrobat (around mantle)
Potions
 b - a potion of heal wounds {unknown}
 e - a potion of might {unknown}
 f - a potion of berserk rage
 g - 2 potions of curing {unknown}
 i - a potion of mutation {unknown}
Comestibles
 c - a ration


   Skills:
 - Level 2.0 Dodging
 - Level 2.6 Stealth
 - Level 3.0 Spellcasting
 + Level 3.2 Conjurations
   Level 1.0 Summonings
 + Level 2.1 Translocations


You had 3 spell levels left.
You knew the following spells:

 Your Spells              Type           Power        Failure   Level  Hunger
a - Magic Dart            Conj           ###.         3%          1    None
b - Blink                 Tloc           N/A          9%          2    ##.....
c - Mephitic Cloud        Conj/Pois/Air  #.......     28%         3    ###....

Your spell library contained the following spells:

 Spells                   Type           Power        Failure   Level  Hunger
 Call Imp                 Summ           #.......     14%         2    ##.....
 Slow                     Hex            #.......     22%         2    ##.....
 Conjure Flame            Conj/Fire      #.......     22%         3    ###....


Dungeon Overview and Level Annotations

Branches:
Dungeon (2/15)

Altars:


Innate Abilities, Weirdness & Mutations

You cannot wear most types of armour.
You are very stealthy in the water. (Stealth+)
You are amphibious.
You can wear up to eight rings at the same time.
You can use your tentacles to constrict eight enemies at once.
Your skin changes colour to match your surroundings (Stealth+).
Your rubbery body absorbs attacks. (AC +1, EV +1)


Message History

A red film seems to cover your vision as you go berserk!
You feel yourself moving faster!
You feel mighty!
You constrict the gnoll, but do no damage.
The gnoll barely misses you.
You puncture the gnoll!
You kill the gnoll!
Your Conjurations skill increases to level 3!
A kobold comes into view.
You completely miss the kobold. You grab the kobold. You squeeze the kobold.
You kill the kobold!
Your Translocations skill increases to level 2!
You barely miss the gnoll. Your grab misses the gnoll.
The gnoll is severely wounded.
The gnoll hits you!
* * * LOW HITPOINT WARNING * * *
You barely miss the gnoll. You grab the gnoll. You squeeze the gnoll.
You kill the gnoll!
You have reached level 4!
The gnoll throws a stone.
The stone hits you!
You die...

# ## .#.#.#
≈≈≈≈≈≈###
....g.(.#
#@#######
#...#...##
#######........#
#...#(..........
#..<#....†.(....
#...#....†..(...
#...##.........#
#.............##
#...####...##..#


You could see a gnoll.

Vanquished Creatures
  2 gnolls (D:2)
  An adder (D:2)
  2 dart slugs (D:1)
  A leopard gecko (D:1)
  2 giant cockroaches
  2 goblins (D:1)
  4 hobgoblins
  3 jackals (D:1)
  2 bats (D:1)
  3 frilled lizards
  6 kobolds
  3 rats
31 creatures vanquished.

Notes
Turn   | Place    | Note
-------+----------+-------------------------------------------
     0 | D:1      | Ijustatesigmund the Octopode Wizard began the quest for the
                  | Orb.
     0 | D:1      | Reached XP level 1. HP: 11/11 MP: 4/4
   556 | D:1      | Reached XP level 2. HP: 13/17 MP: 0/6
   850 | D:1      | Learned a level 2 spell: Blink
  1156 | D:1      | Reached XP level 3. HP: 21/21 MP: 0/7
  1161 | D:1      | Learned a level 3 spell: Mephitic Cloud
  2014 | D:2      | Reached XP level 4. HP: 4/27 MP: 1/8
  2014 | D:2      | Hit by a stone thrown by a gnoll

Vault maps used:
D:1:      dpeg_arrival_erosion
D:2:      grunt_temple_overflow_opulence, nicolae_overflow_crystal_walls,
          okawaru_altar_gauntlet_db

Skill      XL: |  1  2  3 |
---------------+----------+-----
Conjurations   | 2 3 |  3.2
Translocations | 2 |  2.1
Dodging        | |  2.0
Stealth        | |  2.6
Spellcasting   | |  3.0
Summonings     | |  1.0

Action                   |  1- 3 |  4- 6 || total
-------------------------+-------+-------++-------
Melee: Unarmed           |    27 |       ||    27
       Constrict         |    11 |       ||    11
       Tentacles         |     7 |       ||     7
       Short sword       |    11 |       ||    11
 Cast: Magic Dart        |    63 |       ||    63
  Use: Scroll            |     4 |       ||     4
       Potion            |     1 |       ||     1
  Eat: Ration            |     1 |       ||     1
Armor: Skin              |     4 |       ||     4
Dodge: Dodged            |    35 |       ||    35

Table legend:
 A = Non-vault XP
 B = Vault XP
 C = Vault XP percentage of total XP
 D = Non-vault monster count
 E = Vault monster count
 F = Vault count percentage of total count
                 A         B        C        D         E       F
            +---------+---------+-------+---------+---------+-------
      Total |      57 |      34 |  37.4 |      26 |       5 |  16.1
            +---------+---------+-------+---------+---------+-------
        D:1 |      40 |       0 |   0.0 |      22 |       0 |   0.0
        D:2 |      17 |      34 |  66.7 |       4 |       5 |  55.6
            +---------+---------+-------+---------+---------+-------
